4v4 Epic Comeback Game, Down to the Wire!

Match 18709725
End
Selects Luftwaffe Battlegroup
Selects Luftwaffe Battlegroup
Selects Luftwaffe Pioneer Support
Fallschirmpioneer Squad Paradrop
Kettenkrad Recon Vehicle
Fallschirmpioneer Squad Paradrop
Construct Infanterie Kompanie
Construct Panzergrenadier Kompanie
Selects Stuka Strafing Run
Panzergrenadier Squad
Selects Fallschirmjäger Squad Paradrop
Fallschirmjäger Squad Paradrop
Pak 40 Anti-tank Gun Team
Fallschirmjäger Squad Paradrop
Construct Panzer Kompanie
Selects Stuka Loiter
Panzer IV Medium Tank
Selects LG40 Recoilless Gun Paradrop
Fallschirmjäger Squad Paradrop
Stuka Loiter
Stuka Loiter
Panzer IV Medium Tank
Selects Flak 36 Anti-tank Gun Emplacement
Support Elements
Stuka Loiter
Stoßtruppen Squad
Nebelwerfer 42 Rocket Launcher Team
Stuka Loiter
Stuka Strafing Run
Sturmpanzer IV Brummbär
Fallschirmpioneer Squad Paradrop
Stuka Loiter
Stuka Strafing Run
Nebelwerfer 42 Rocket Launcher Team
Stuka Strafing Run
Fallschirmjäger Squad Paradrop
Panzer IV Medium Tank
Stuka Loiter
Stuka Strafing Run
Panzer IV Medium Tank
pupupu
The Goat
云天
水银灯
[EPIC]SAGEKING
盟军真难
NaDa
CALMNESS—INDIGNATION
0
0

Comments sign in to comment!

No comments posted yet!